 Dungeon Crawl Stone Soup version 0.30-a0-760-g5a9884bb7c (webtiles) character file.

Game seed: 9066400339149089508

46 Beavis the Sneak (level 3, -18/31 HPs)
             Began as a Naga Fire Elementalist on Feb 11, 2023.
             Demolished by Robin
             ... wielding a +3 short sword of distortion
              (22 damage)
             ... on level 1 of the Dungeon.
             The game lasted 00:02:03 (1465 turns).

Beavis the Sneak (Naga Fire Elementalist)           Turns: 1465, Time: 00:02:04

Health: -18/31     AC:  3    Str: 10    XL:     3   Next: 66%
Magic:  1/6        EV:  9    Int: 17    God:
Gold:   39         SH:  0    Dex: 11    Spells: 0/6 levels left

rFire   . . .      SeeInvis +    e - staff of air
rCold   . . .      Faith    .    (no shield)
rNeg    . . .      Spirit   .    a - +0 robe
rPois   +          Reflect  .    d - +0 helmet
rElec   +          Harm     .    (no cloak)
rCorr   .          Rampage  .    (no gloves)
Will    .....                    (no barding)
Stlth   ++                       j - amulet of the acrobat
HPRegen 0.25/turn                (no ring)
MPRegen 0.10/turn                (no ring)

@: very slow
A: AC +1, large, see invisible, deformed body, poison resistance, slowness 2,
spit poison 1, naga tail 1
a: Spit Poison


You were on level 1 of the Dungeon.
You visited 1 branch of the dungeon, and saw 2 of its levels.

You collected 39 gold pieces.

Inventory:

Hand Weapons
 i - a +0 dagger
Armour
 a - a +0 robe (worn)
 d - a +0 helmet (worn)
Magical Staves
 e - a staff of air (weapon)
Jewellery
 j - an amulet of the acrobat (around neck)
Scrolls
 f - a scroll of poison
Potions
 b - a potion of invisibility {unknown}
 h - a potion of berserk rage {unknown}
 k - a potion of heal wounds {unknown}
 l - a potion of might {unknown}
 m - 2 potions of curing {unknown}
 n - a potion of haste {unknown}


   Skills:
 + Level 1.2 Fighting
 - Level 1.5 Dodging
 + Level 3.7 Stealth
 + Level 2.4 Spellcasting
 + Level 1.6 Conjurations
 + Level 3.3 Fire Magic


You couldn't memorise any spells.
You knew the following spells:

 Your Spells              Type           Power      Damage    Failure   Level
a - Foxfire               Conj/Fire      40%        2x1d6     7%          1
b - Scorch                Fire           26%        2d6       7%          2
c - Inner Flame           Hex/Fire       7%         N/A       28%         3

Your spell library contained the following spells:

 Spells                   Type           Power      Damage    Failure   Level
 Kindle Blastsparks       Fire/Tloc/Air  16%        2d11      34%         3
 Flame Wave               Conj/Fire      10%        2d6       54%         4


Dungeon Overview and Level Annotations

Branches:
Dungeon (2/15)

Altars:

Annotations:
D:1 Robin


Innate Abilities, Weirdness & Mutations

Your serpentine skin is tough. (AC +1)
You have supernaturally acute eyesight. (SInv)
Armour fits poorly on your strangely shaped body.
Your system is resistant to poisons. (rPois)
You cover ground very slowly.
You can spit poison.
You have a snake-like lower body.


Message History

You conjure some foxfire!
The goblin hits you with a +0 dagger.
The hobgoblin hits you but does no damage.
You hit the goblin but do no damage.
The goblin is severely wounded.
The goblin no longer looks unusually strong.
The foxfire hits the goblin.
You kill the goblin!
The foxfire hits the hobgoblin.
The hobgoblin is heavily wounded.
The hobgoblin hits you but does no damage.
Things that are here:
a +0 dagger; a goblin corpse Robin says, "Duck!"
There is a stone staircase leading up here.
The hobgoblin closely misses you.
Robin hits you with a +3 short sword of distortion.
Space warps around you.
You climb upwards.
There is a stone staircase leading down here.
Casting: Foxfire (safe; 7% risk of failure)
Confirm with . or Enter, or press ? or * to list all spells.
You conjure some foxfire!
The hobgoblin hits you.
Robin hits you with a +3 short sword of distortion.
* * * LOW HITPOINT WARNING * * *
Space warps around you.
* * * LOW HITPOINT WARNING * * *
As you read the scroll of fear, it crumbles to dust.
You assume a fearsome visage.
The hobgoblin looks frightened!
Robin looks frightened!
The hobgoblin no longer looks unusually strong.
The foxfire hits Robin.
Robin is lightly wounded.
Your attack snaps Robin out of their fear.
The foxfire hits Robin but does no damage.
Robin is lightly wounded.
Robin hits you with a +3 short sword of distortion.
* * * LOW HITPOINT WARNING * * *
Space warps horribly around you!!
Ouch! That really hurt!
You die...

#......#.# #).....#.# #......#.#
###......#.## #.....).....#
#.#......####
########.#......#################
................gg...............
................@#############.##
..........).............# #.#
..######.#######.######.# #.#
............#..#.# #.# #.#
^..##'##.##.#..#.# #.# #.#
##.##.##.##.#..#.# #.### #.#
...##.##..#.#..#.# #.#.####.##
####...##.#.#..#.######.#........
#...##.#...........#.#.####.##


You could see Robin and a hobgoblin (fleeing).

Vanquished Creatures
  2 bats (D:1)
  3 endoplasms (D:1)
  2 giant cockroaches
  14 goblins
  3 hobgoblins (D:1)
  4 quokkas
  3 ball pythons (D:1)
  2 frilled lizards
  4 rats (D:1)
37 creatures vanquished.

Vanquished Creatures (collateral kills)
  A foxfire (D:1)
1 creature vanquished.

Vanquished Creatures (others)
  67 foxfires
  12 plants (D:1)
79 creatures vanquished.

Grand Total: 117 creatures vanquished

Notes
Turn   | Place    | Note
-------+----------+-------------------------------------------
     0 | D:1      | Beavis the Naga Fire Elementalist began the quest for the
                  | Orb.
     0 | D:1      | Reached XP level 1. HP: 15/15 MP: 3/3
   234 | D:1      | Reached XP level 2. HP: 23/24 MP: 1/5
   241 | D:1      | Learned a level 2 spell: Scorch
   610 | D:1      | Reached XP level 3. HP: 30/30 MP: 3/6
   839 | D:1      | Reached skill level 1 in Fighting
  1204 | D:1      | Learned a level 3 spell: Inner Flame
  1257 | D:2      | Noticed Robin
  1465 | D:1      | Demolished by Robin

Illustrated notes

Levels and vault maps discovered:
D:1:      evilmike_arrival_plus, layout_basic, chequers_big_river
D:2:      layout_rooms, uniq_natasha, uniq_jessica, uniq_robin

Skill      XL: |  1  2  3 |
---------------+----------+-----
Fighting       | 1 |  1.2
Dodging        | |  1.5
Stealth        | |  3.7
Spellcasting   | |  2.4
Conjurations   | |  1.6
Fire Magic     | |  3.3

Action                     || total
---------------------------++-------
  Melee: Unarmed           ||     5
         Staff             ||     3
   Cast: Foxfire           ||    38
         Scorch            ||    16
    Use: Scroll            ||     5
         Potion            ||     1
 Armour: Robe              ||    11
  Dodge: Dodged            ||    26

Table legend: (Time is in decaauts)
 A = Elapsed time spent in this place.
 B = Non-inter-level travel time spent in this place.
 C = Inter-level travel time spent in this place.
 D = Time resting spent in this place.
 E = Time spent auto-exploring this place.
 F = Levels seen in this place.
 G = Mean time per level.
                   A        B        C        D        E       F      G
               +--------+--------+--------+--------+--------+-----+--------+
         Total |   1754 |   1705 |     49 |      4 |   1429 |   2 |  877.0 |
       Dungeon |   1754 |   1705 |     49 |      4 |   1429 |   2 |  877.0 |
               +--------+--------+--------+--------+--------+-----+--------+

Top non-repeatable levels by time:
     D:1: 1643 daAuts
     D:2: 111 daAuts
